[ AOE2 MATCH · #484044638 ]
Team RMTeutons vs Ethiopians
[ REPLAY ANALYSIS · EXTRACTED FROM THE RECORDED GAME ]
Feudal
13:43
Castle
28:47
Imperial
—
| APM avg | 18.3 |
| APM peak | 55 |
| eAPM avg | 10.1 |
| Villagers / military | 72 / 40 |
Focus
⚔️ 41.2% · 🌾 58.8%
Spearman ×19 · Skirmisher ×6 · Knight ×6 · Monk ×3 · Scout Cavalry ×2 · Mangonel ×2
Feudal
11:50
Castle
24:33
Imperial
—
| APM avg | 24.0 |
| APM peak | 83 |
| eAPM avg | 16.6 |
| Villagers / military | 67 / 157 |
Focus
⚔️ 43.3% · 🌾 56.7%
Archer ×50 · Skirmisher ×41 · Spearman ×25 · Militia ×14 · Shotel Warrior ×8 · Battering Ram ×7
Feudal
13:01
Castle
22:50
Imperial
37:17
| APM avg | 21.9 |
| APM peak | 56 |
| eAPM avg | 9.9 |
| Villagers / military | 51 / 81 |
Focus
⚔️ 32.7% · 🌾 67.3%
Conquistador ×52 · Knight ×27 · Missionary ×2
Feudal
11:22
Castle
18:38
Imperial
41:23
| APM avg | 22.6 |
| APM peak | 54 |
| eAPM avg | 11.6 |
| Villagers / military | 86 / 130 |
Focus
⚔️ 34.0% · 🌾 66.0%
Knight ×98 · Leitis ×11 · Battering Ram ×8 · Trade Cart ×6 · Trebuchet (Packed) ×5 · Scout Cavalry ×4
Feudal
14:50
Castle
20:06
Imperial
38:46
| APM avg | 17.4 |
| APM peak | 66 |
| eAPM avg | 6.8 |
| Villagers / military | 60 / 67 |
Focus
⚔️ 30.0% · 🌾 70.0%
Camel Scout ×61 · Battering Ram ×6
Feudal
11:23
Castle
24:34
Imperial
46:41
| APM avg | 15.3 |
| APM peak | 55 |
| eAPM avg | 13.3 |
| Villagers / military | 107 / 211 |
Focus
⚔️ 42.2% · 🌾 57.8%
Spearman ×83 · Kipchak ×69 · Archer ×21 · Militia ×11 · Trebuchet (Packed) ×7 · Scorpion ×6
Match map
Resources at game start + every placement click. Thick line = wall · dashed box = detected house wall. 🟡 gold · ⚪ stone · 🟢 berries · 🔶 boar · ⭕ relic
Inputs per minute
— Twixxo - - Jbird
Build order — Twixxo
First 150 of 204 actions detected
| 0:10 | Build | House |
| 0:13 | Create | Villager (Male) |
| 0:26 | Create | Villager (Male) |
| 0:43 | Build | House |
| 1:08 | Create | Villager (Male) |
| 1:34 | Create | Villager (Male) |
| 1:48 | Create | Villager (Male) |
| 2:28 | Create | Villager (Male) |
| 3:04 | Create | Villager (Male) |
| 3:12 | Create | Villager (Male) |
| 3:34 | Build | House |
| 3:45 | Create | Villager (Male) |
| 4:12 | Create | Villager (Male) |
| 4:18 | Create | Villager (Male) |
| 4:29 | Create | Villager (Male) |
| 4:39 | Create | Villager (Male) |
| 4:53 | Build | Mill |
| 5:09 | Create | Villager (Male) |
| 6:01 | Create | Villager (Male) |
| 6:09 | Build | Mining Camp |
| 6:13 | Create | Villager (Male) |
| 6:26 | Create | Villager (Male) |
| 6:42 | Create | Villager (Male) |
| 7:25 | Build | Mining Camp |
| 7:29 | Build | House |
| 7:44 | Build | House |
| 7:52 | Create | Villager (Male) |
| 8:07 | Research | Loom |
| 8:18 | Create | Villager (Male) |
| 8:30 | Build | House |
| 9:31 | Build | Barracks |
| 9:35 | Create | Villager (Male) |
| 9:45 | Create | Villager (Male) |
| 10:31 | Build | Farm |
| 10:34 | Build | Farm |
| 10:40 | Create | Villager (Male) |
| 10:55 | Create | Villager (Male) |
| 11:08 | Create | Villager (Male) |
| 11:33 | Research | Feudal Age |
| 13:43 | Age | Feudal Age |
| 14:04 | Build | Building 487 |
| 14:10 | Build | Stone Wall |
| 14:22 | Build | Lumber Camp |
| 15:19 | Create | Spearman |
| 15:33 | Build | Stone Wall |
| 15:36 | Create | Spearman |
| 15:40 | Research | Horse Collar |
| 16:02 | Build | Stone Wall |
| 16:15 | Research | Double-Bit Axe |
| 16:45 | Build | Watch Tower |
| 16:50 | Create | Villager (Male) |
| 17:22 | Build | Palisade Wall |
| 17:28 | Build | Mill |
| 17:30 | Create | Villager (Male) |
| 17:49 | Create | Spearman |
| 17:49 | Create | Villager (Male) |
| 17:56 | Build | House |
| 17:57 | Build | House |
| 18:02 | Build | Farm |
| 18:02 | Create | Villager (Male) |
| 18:44 | Build | Archery Range |
| 18:58 | Build | Outpost |
| 19:01 | Build | Farm |
| 19:03 | Create | Villager (Male) |
| 19:22 | Build | Stable |
| 19:28 | Create | Villager (Male) |
| 19:33 | Create | Skirmisher ×5 |
| 19:50 | Create | Villager (Male) |
| 19:54 | Research | Wheelbarrow |
| 19:54 | Create | Villager (Male) |
| 20:13 | Create | Skirmisher |
| 20:14 | Create | Spearman |
| 20:31 | Build | House |
| 20:36 | Create | Villager (Male) |
| 21:15 | Build | House |
| 21:15 | Build | House |
| 21:18 | Create | Villager (Male) |
| 21:24 | Create | Spearman |
| 21:42 | Create | Villager (Male) |
| 21:50 | Create | Villager (Male) |
| 22:35 | Create | Villager (Male) |
| 22:56 | Create | Villager (Male) |
| 23:18 | Create | Villager (Male) |
| 23:21 | Build | Farm |
| 23:23 | Build | Farm |
| 23:27 | Build | Farm |
| 23:28 | Create | Villager (Male) |
| 23:29 | Build | Farm |
| 23:31 | Build | Farm |
| 23:33 | Build | Farm |
| 23:34 | Create | Villager (Male) |
| 23:51 | Create | Villager (Male) |
| 23:53 | Build | Farm |
| 23:53 | Create | Villager (Male) |
| 24:16 | Build | Farm |
| 24:17 | Create | Villager (Male) |
| 24:25 | Build | Market |
| 24:56 | Build | Farm |
| 24:58 | Create | Villager (Male) |
| 24:59 | Create | Villager (Male) |
| 25:31 | Create | Scout Cavalry |
| 25:57 | Build | Watch Tower |
| 26:07 | Research | Castle Age |
| 26:32 | Create | Scout Cavalry |
| 26:38 | Build | Building 490 |
| 26:40 | Build | Stone Wall |
| 26:41 | Build | Stone Wall |
| 26:45 | Build | Stone Wall |
| 26:55 | Build | Stone Wall |
| 26:57 | Build | Stone Wall |
| 27:00 | Build | Stone Wall |
| 27:12 | Create | Villager (Male) |
| 27:16 | Build | House |
| 27:17 | Build | House |
| 27:19 | Build | House |
| 27:21 | Build | House |
| 27:21 | Build | House |
| 27:34 | Create | Trade Cart |
| 27:43 | Create | Villager (Male) |
| 27:44 | Create | Spearman |
| 27:51 | Research | Gold Mining |
| 27:52 | Research | Stone Mining |
| 27:57 | Build | Watch Tower |
| 28:05 | Build | Stone Wall |
| 28:47 | Build | Blacksmith |
| 28:47 | Age | Castle Age |
| 28:59 | Build | Castle |
| 29:22 | Create | Villager (Male) |
| 29:24 | Create | Knight ×5 |
| 29:37 | Build | Monastery |
| 29:51 | Build | Town Center |
| 30:21 | Create | Villager (Male) ×5 |
| 30:43 | Create | Villager (Male) |
| 31:00 | Build | Barracks |
| 31:14 | Create | Teutonic Knight |
| 31:23 | Create | Spearman ×5 |
| 31:26 | Create | Spearman |
| 31:51 | Create | Monk |
| 31:59 | Create | Knight |
| 32:00 | Create | Villager (Male) |
| 32:03 | Build | Lumber Camp |
| 32:04 | Create | Villager (Male) ×2 |
| 32:10 | Build | House |
| 32:11 | Build | House |
| 32:19 | Build | Stone Wall |
| 32:26 | Build | Building 487 |
| 32:28 | Build | Stone Wall |
| 32:32 | Build | Stone Wall |
| 32:44 | Create | Monk |
| 32:53 | Research | Heavy Plow |
Build order — Jbird
First 150 of 329 actions detected
| 0:06 | Build | House |
| 0:08 | Build | House |
| 0:20 | Create | Villager (Male) |
| 0:20 | Create | Villager (Male) |
| 0:20 | Create | Villager (Male) |
| 0:21 | Create | Villager (Male) |
| 0:21 | Create | Villager (Male) |
| 1:26 | Research | Loom |
| 1:48 | Create | Villager (Male) |
| 2:13 | Build | Lumber Camp |
| 2:23 | Create | Villager (Male) |
| 2:46 | Create | Villager (Male) |
| 3:26 | Create | Villager (Male) |
| 3:26 | Create | Villager (Male) |
| 4:22 | Build | House |
| 4:24 | Build | House |
| 4:29 | Create | Villager (Male) |
| 4:29 | Create | Villager (Male) |
| 5:00 | Build | Mill |
| 5:47 | Create | Villager (Male) |
| 5:48 | Create | Villager (Male) |
| 5:48 | Create | Villager (Male) |
| 6:51 | Create | Villager (Male) |
| 6:51 | Create | Villager (Male) |
| 6:52 | Create | Villager (Male) |
| 7:22 | Create | Villager (Male) |
| 7:45 | Build | Mining Camp |
| 8:30 | Build | Barracks |
| 9:40 | Research | Feudal Age |
| 10:10 | Build | House |
| 10:12 | Build | House |
| 10:35 | Create | Villager (Male) |
| 10:35 | Create | Villager (Male) |
| 10:35 | Create | Villager (Male) |
| 11:34 | Create | Villager (Male) |
| 11:34 | Create | Villager (Male) |
| 11:50 | Age | Feudal Age |
| 12:04 | Research | Horse Collar |
| 12:07 | Research | Double-Bit Axe |
| 12:23 | Build | Blacksmith |
| 12:37 | Build | Archery Range |
| 12:41 | Build | Farm |
| 12:50 | Create | Villager (Male) |
| 12:51 | Create | Villager (Male) |
| 13:21 | Build | Farm |
| 13:51 | Build | Farm |
| 13:58 | Build | Farm |
| 14:31 | Build | Farm |
| 14:44 | Research | Gold Mining |
| 14:46 | Create | Villager (Male) |
| 14:47 | Create | Villager (Male) |
| 14:53 | Build | Farm |
| 14:57 | Create | Archer |
| 14:57 | Create | Archer |
| 14:57 | Create | Archer |
| 14:57 | Create | Archer |
| 14:58 | Create | Archer |
| 15:23 | Build | Palisade Wall |
| 15:46 | Build | House |
| 15:47 | Build | House |
| 15:48 | Build | House |
| 15:54 | Build | Farm |
| 15:55 | Create | Villager (Male) |
| 15:55 | Create | Villager (Male) |
| 15:56 | Create | Villager (Male) |
| 16:00 | Create | Archer |
| 16:00 | Create | Archer |
| 16:19 | Research | Fletching |
| 16:35 | Build | Mining Camp |
| 17:08 | Build | Farm |
| 17:11 | Build | Farm |
| 17:15 | Build | Farm |
| 17:17 | Build | Farm |
| 17:21 | Build | Farm |
| 18:12 | Create | Villager (Male) |
| 18:13 | Create | Villager (Male) |
| 19:52 | Build | Palisade Wall |
| 19:57 | Build | Palisade Wall |
| 20:01 | Build | Palisade Wall |
| 20:16 | Build | Building 796 |
| 20:38 | Create | Villager (Male) |
| 20:39 | Create | Villager (Male) |
| 20:40 | Create | Villager (Male) |
| 20:41 | Research | Castle Age |
| 20:44 | Research | Wheelbarrow |
| 21:52 | Build | Farm |
| 21:56 | Build | Farm |
| 22:04 | Build | Archery Range |
| 22:10 | Build | Mill |
| 22:15 | Create | Villager (Male) |
| 22:16 | Create | Villager (Male) |
| 22:16 | Create | Villager (Male) |
| 22:29 | Build | Market |
| 22:32 | Research | Stone Mining |
| 22:47 | Research | Padded Archer Armor |
| 23:27 | Build | Watch Tower |
| 23:50 | Build | Mining Camp |
| 24:33 | Age | Castle Age |
| 24:44 | Create | Spearman |
| 24:45 | Create | Spearman |
| 24:45 | Create | Spearman |
| 24:45 | Create | Spearman |
| 24:45 | Create | Spearman |
| 24:45 | Create | Spearman |
| 24:46 | Create | Spearman |
| 24:50 | Create | Trade Cart |
| 24:59 | Build | Barracks |
| 25:14 | Create | Villager (Male) |
| 25:14 | Create | Villager (Male) |
| 25:14 | Create | Villager (Male) |
| 25:15 | Create | Villager (Male) |
| 25:32 | Build | Palisade Wall |
| 25:35 | Build | Palisade Wall |
| 25:50 | Create | Archer |
| 25:50 | Create | Archer |
| 25:50 | Create | Archer |
| 25:51 | Create | Archer |
| 25:51 | Create | Archer |
| 25:51 | Create | Archer |
| 25:51 | Create | Archer |
| 25:51 | Create | Archer |
| 26:18 | Create | Archer |
| 26:18 | Create | Archer |
| 26:18 | Create | Archer |
| 26:18 | Create | Archer |
| 26:19 | Create | Archer |
| 26:19 | Create | Archer |
| 26:42 | Build | Watch Tower |
| 27:01 | Create | Skirmisher |
| 27:02 | Create | Skirmisher |
| 27:04 | Create | Skirmisher |
| 27:04 | Create | Skirmisher |
| 27:04 | Create | Skirmisher |
| 27:04 | Create | Skirmisher |
| 27:08 | Create | Militia |
| 27:08 | Create | Militia |
| 27:08 | Create | Militia |
| 27:08 | Create | Militia |
| 27:09 | Create | Militia |
| 27:09 | Create | Militia |
| 27:43 | Build | House |
| 27:45 | Build | House |
| 27:46 | Build | House |
| 27:47 | Build | House |
| 27:50 | Create | Archer |
| 27:50 | Create | Archer |
| 27:50 | Create | Archer |
| 27:51 | Create | Archer |
| 27:51 | Create | Archer |
| 30:24 | Create | Archer |
Build order — Raphael
First 150 of 222 actions detected
| 0:34 | Build | House |
| 0:37 | Build | House |
| 0:43 | Create | Villager (Male) |
| 0:43 | Create | Villager (Male) |
| 0:43 | Create | Villager (Male) |
| 0:43 | Create | Villager (Male) |
| 0:44 | Create | Villager (Male) |
| 1:18 | Build | House |
| 2:35 | Create | Villager (Male) |
| 2:36 | Create | Villager (Male) |
| 3:14 | Create | Villager (Male) |
| 4:00 | Create | Villager (Male) |
| 4:00 | Create | Villager (Male) |
| 4:00 | Create | Villager (Male) |
| 4:27 | Create | Villager (Male) |
| 4:28 | Create | Villager (Male) |
| 4:28 | Create | Villager (Male) |
| 5:54 | Create | Villager (Male) |
| 5:54 | Create | Villager (Male) |
| 6:32 | Create | Villager (Male) |
| 6:32 | Create | Villager (Male) |
| 7:48 | Build | Mining Camp |
| 8:13 | Build | Mill |
| 8:23 | Build | Lumber Camp |
| 8:43 | Create | Villager (Male) |
| 8:44 | Create | Villager (Male) |
| 9:26 | Create | Villager (Male) |
| 9:26 | Create | Villager (Male) |
| 9:35 | Build | House |
| 9:38 | Build | House |
| 10:11 | Build | House |
| 10:24 | Research | Feudal Age |
| 11:45 | Build | Barracks |
| 12:42 | Create | Villager (Male) |
| 12:42 | Create | Villager (Male) |
| 12:43 | Create | Villager (Male) |
| 12:43 | Create | Villager (Male) |
| 12:59 | Build | House |
| 13:01 | Age | Feudal Age |
| 13:06 | Research | Double-Bit Axe |
| 13:38 | Build | House |
| 14:22 | Build | Stable |
| 14:51 | Build | Mill |
| 15:36 | Build | Market |
| 15:41 | Create | Villager (Male) |
| 15:41 | Create | Villager (Male) |
| 15:41 | Create | Villager (Male) |
| 15:42 | Create | Villager (Male) |
| 15:48 | Build | Stable |
| 16:07 | Research | Stone Mining |
| 16:53 | Create | Villager (Male) |
| 16:54 | Create | Villager (Male) |
| 17:05 | Research | Horse Collar |
| 17:26 | Build | Stone Wall |
| 17:34 | Build | Building 673 |
| 18:02 | Build | Blacksmith |
| 18:28 | Build | Farm |
| 18:28 | Build | Farm |
| 18:28 | Build | Farm |
| 18:28 | Build | Farm |
| 18:29 | Build | Farm |
| 18:29 | Build | Farm |
| 18:29 | Build | Farm |
| 18:58 | Build | Farm |
| 19:08 | Build | Farm |
| 19:14 | Build | Farm |
| 20:10 | Research | Castle Age |
| 20:20 | Build | Mining Camp |
| 20:31 | Build | Stable |
| 21:18 | Build | Farm |
| 21:25 | Build | Farm |
| 21:41 | Research | Forging |
| 22:04 | Build | Farm |
| 22:50 | Age | Castle Age |
| 22:52 | Create | Knight |
| 22:52 | Create | Knight |
| 22:54 | Create | Knight |
| 22:54 | Create | Knight |
| 22:55 | Create | Knight |
| 22:57 | Research | Bloodlines |
| 23:09 | Create | Villager (Male) |
| 23:09 | Create | Villager (Male) |
| 23:43 | Build | Farm |
| 24:05 | Research | Scale Barding Armor |
| 25:09 | Build | Castle |
| 25:23 | Build | Town Center |
| 25:33 | Build | Mill |
| 25:38 | Research | Heavy Plow |
| 25:42 | Research | Bow Saw |
| 27:00 | Create | Villager (Male) |
| 27:01 | Create | Villager (Male) |
| 27:01 | Create | Villager (Male) |
| 27:01 | Create | Villager (Male) |
| 27:05 | Research | Wheelbarrow |
| 28:38 | Research | Husbandry |
| 28:46 | Create | Villager (Male) |
| 28:46 | Create | Villager (Male) |
| 28:50 | Create | Villager (Male) |
| 28:51 | Create | Villager (Male) |
| 28:51 | Create | Villager (Male) |
| 29:47 | Build | Monastery |
| 30:05 | Create | Villager (Male) |
| 30:05 | Create | Villager (Male) |
| 30:05 | Create | Villager (Male) |
| 30:07 | Create | Villager (Male) |
| 30:24 | Build | Farm |
| 30:24 | Build | Farm |
| 30:25 | Build | Farm |
| 30:25 | Build | Farm |
| 30:25 | Build | Farm |
| 30:39 | Create | Missionary |
| 31:03 | Research | Iron Casting |
| 31:04 | Research | Chain Barding Armor |
| 31:58 | Build | Farm |
| 31:58 | Build | Farm |
| 31:59 | Build | Farm |
| 31:59 | Build | Farm |
| 31:59 | Build | Farm |
| 32:13 | Create | Villager (Male) |
| 32:13 | Create | Villager (Male) |
| 32:14 | Create | Villager (Male) |
| 32:14 | Create | Villager (Male) |
| 32:17 | Research | Hand Cart |
| 32:32 | Build | Farm |
| 32:38 | Build | Farm |
| 34:07 | Research | Imperial Age |
| 34:41 | Build | Stable |
| 35:05 | Build | Castle |
| 35:19 | Create | Missionary |
| 35:34 | Build | House |
| 35:38 | Build | House |
| 35:44 | Build | House |
| 35:47 | Build | House |
| 36:28 | Build | Farm |
| 36:36 | Build | Farm |
| 37:17 | Age | Imperial Age |
| 37:21 | Research | Cavalier (upgrade) |
| 37:43 | Research | Conscription |
| 37:51 | Create | Knight |
| 37:51 | Create | Knight |
| 37:52 | Create | Knight |
| 37:53 | Create | Knight |
| 37:53 | Create | Knight |
| 37:53 | Create | Knight |
| 38:23 | Research | Blast Furnace |
| 38:24 | Research | Fletching |
| 38:26 | Research | Plate Barding Armor |
| 38:40 | Build | University |
| 39:52 | Research | Tech 60 |
| 41:00 | Research | Padded Archer Armor |
Build order — Y0b
First 150 of 347 actions detected
| 0:01 | Create | Villager (Male) |
| 0:01 | Create | Villager (Male) |
| 0:03 | Build | House |
| 0:04 | Build | House |
| 0:34 | Create | Villager (Male) |
| 1:14 | Create | Villager (Male) |
| 1:47 | Build | Lumber Camp |
| 1:49 | Create | Villager (Male) |
| 1:50 | Create | Villager (Male) |
| 2:23 | Create | Villager (Male) |
| 3:17 | Create | Villager (Male) |
| 4:12 | Build | House |
| 4:13 | Create | Villager (Male) |
| 4:13 | Create | Villager (Male) |
| 4:45 | Build | Mill |
| 4:47 | Create | Villager (Male) |
| 5:31 | Create | Villager (Male) |
| 6:15 | Create | Villager (Male) |
| 6:16 | Create | Villager (Male) |
| 6:39 | Create | Villager (Male) |
| 7:17 | Build | House |
| 7:23 | Create | Villager (Male) |
| 7:54 | Create | Villager (Male) |
| 8:05 | Build | Mining Camp |
| 8:22 | Create | Villager (Male) |
| 8:43 | Create | Villager (Male) |
| 9:00 | Research | Feudal Age |
| 9:29 | Build | Farm |
| 9:30 | Build | Farm |
| 9:30 | Build | Farm |
| 10:08 | Build | Farm |
| 10:09 | Build | Farm |
| 10:09 | Build | Farm |
| 10:10 | Build | Farm |
| 11:19 | Create | Villager (Male) |
| 11:19 | Create | Villager (Male) |
| 11:22 | Age | Feudal Age |
| 11:28 | Research | Double-Bit Axe |
| 11:30 | Research | Horse Collar |
| 12:00 | Create | Villager (Male) |
| 12:12 | Build | Barracks |
| 12:36 | Build | House |
| 12:54 | Create | Villager (Male) |
| 13:11 | Create | Villager (Male) |
| 13:37 | Build | Blacksmith |
| 13:41 | Create | Villager (Male) |
| 14:31 | Build | Stable |
| 14:38 | Create | Villager (Male) |
| 14:53 | Build | House |
| 14:59 | Create | Villager (Male) |
| 15:58 | Research | Castle Age |
| 16:07 | Research | Bloodlines |
| 16:38 | Research | Scale Barding Armor |
| 16:46 | Build | Farm |
| 16:46 | Build | Farm |
| 16:47 | Build | Farm |
| 16:47 | Build | Farm |
| 16:47 | Build | Farm |
| 16:48 | Build | Farm |
| 17:10 | Research | Forging |
| 17:28 | Build | Farm |
| 17:29 | Build | Farm |
| 17:39 | Create | Villager (Male) |
| 18:38 | Age | Castle Age |
| 19:02 | Build | Town Center |
| 19:11 | Build | Town Center |
| 19:17 | Research | Bow Saw |
| 19:20 | Research | Gold Mining |
| 19:24 | Research | Chain Barding Armor |
| 19:44 | Create | Villager (Male) |
| 19:45 | Create | Villager (Male) |
| 20:34 | Create | Villager (Male) |
| 20:49 | Build | House |
| 20:52 | Build | House |
| 20:56 | Research | Iron Casting |
| 21:00 | Research | Husbandry |
| 21:04 | Create | Villager (Male) |
| 21:05 | Create | Villager (Male) |
| 21:21 | Create | Villager (Male) |
| 21:22 | Create | Villager (Male) |
| 21:38 | Build | Monastery |
| 21:41 | Create | Villager (Male) |
| 21:48 | Create | Villager (Male) |
| 21:49 | Create | Villager (Male) |
| 21:50 | Create | Villager (Male) |
| 22:14 | Build | Farm |
| 22:21 | Create | Villager (Male) |
| 22:25 | Create | Villager (Male) |
| 22:29 | Create | Monk |
| 22:29 | Create | Monk |
| 22:50 | Create | Villager (Male) |
| 22:54 | Create | Villager (Male) |
| 23:12 | Research | Stone Mining |
| 23:31 | Create | Monk |
| 23:50 | Create | Villager (Male) |
| 23:51 | Create | Villager (Male) |
| 23:54 | Research | Wheelbarrow |
| 23:55 | Create | Villager (Male) |
| 23:55 | Create | Villager (Male) |
| 24:11 | Create | Villager (Male) |
| 24:20 | Create | Villager (Male) |
| 25:44 | Create | Villager (Male) |
| 25:45 | Create | Villager (Male) |
| 25:47 | Research | Hand Cart |
| 25:51 | Research | Town Watch |
| 25:56 | Build | House |
| 25:58 | Build | House |
| 26:00 | Build | House |
| 26:01 | Build | House |
| 26:03 | Build | House |
| 26:03 | Build | House |
| 26:04 | Build | House |
| 26:06 | Build | House |
| 26:19 | Create | Knight |
| 26:19 | Create | Knight |
| 26:20 | Create | Knight |
| 26:20 | Create | Knight |
| 26:21 | Create | Knight |
| 26:27 | Build | Farm |
| 26:27 | Build | Farm |
| 26:27 | Build | Farm |
| 26:28 | Build | Farm |
| 26:28 | Build | Farm |
| 27:19 | Create | Villager (Male) |
| 27:19 | Create | Villager (Male) |
| 27:23 | Create | Villager (Male) |
| 27:23 | Create | Villager (Male) |
| 27:27 | Create | Villager (Male) |
| 27:27 | Create | Villager (Male) |
| 27:57 | Create | Knight |
| 28:30 | Build | Stable |
| 28:32 | Build | Stable |
| 28:35 | Research | Stone Shaft Mining |
| 28:36 | Create | Villager (Male) |
| 28:37 | Create | Villager (Male) |
| 28:39 | Create | Villager (Male) |
| 28:39 | Create | Villager (Male) |
| 29:06 | Create | Knight |
| 29:15 | Create | Knight |
| 29:16 | Create | Knight |
| 29:18 | Create | Villager (Male) |
| 29:19 | Create | Villager (Male) |
| 29:21 | Create | Villager (Male) |
| 29:22 | Create | Villager (Male) |
| 29:27 | Build | Farm |
| 29:33 | Create | Villager (Male) |
| 29:33 | Create | Villager (Male) |
| 29:49 | Create | Villager (Male) |
| 29:49 | Create | Villager (Male) |
| 29:55 | Create | Villager (Male) |
Build order — RUSSIAN_MUAYTHAI_TEAM
First 150 of 203 actions detected
| 0:11 | Build | House |
| 0:15 | Create | Villager (Male) |
| 0:15 | Create | Villager (Male) |
| 0:15 | Create | Villager (Male) |
| 0:15 | Create | Villager (Male) |
| 0:16 | Create | Villager (Male) |
| 1:52 | Create | Villager (Male) |
| 1:52 | Create | Villager (Male) |
| 2:35 | Create | Villager (Male) |
| 2:35 | Create | Villager (Male) |
| 2:35 | Create | Villager (Male) |
| 2:40 | Build | House |
| 2:43 | Build | House |
| 3:09 | Create | Villager (Male) |
| 3:11 | Create | Villager (Male) |
| 4:00 | Build | Palisade Wall |
| 4:06 | Build | Building 796 |
| 4:13 | Create | Villager (Male) |
| 4:14 | Create | Villager (Male) |
| 4:14 | Create | Villager (Male) |
| 5:06 | Create | Villager (Male) |
| 5:07 | Create | Villager (Male) |
| 5:55 | Build | Mill |
| 6:44 | Create | Villager (Male) |
| 6:44 | Create | Villager (Male) |
| 6:56 | Build | House |
| 7:30 | Build | House |
| 8:08 | Build | Lumber Camp |
| 8:26 | Create | Villager (Male) |
| 8:27 | Create | Villager (Male) |
| 8:27 | Create | Villager (Male) |
| 8:28 | Create | Villager (Male) |
| 9:48 | Build | Mining Camp |
| 9:57 | Create | Villager (Male) |
| 9:58 | Create | Villager (Male) |
| 10:12 | Build | Farm |
| 10:58 | Create | Villager (Male) |
| 11:25 | Create | Villager (Male) |
| 11:26 | Create | Villager (Male) |
| 11:33 | Build | Farm |
| 11:52 | Create | Villager (Male) |
| 11:53 | Research | Feudal Age |
| 12:05 | Build | Farm |
| 12:48 | Build | Barracks |
| 13:37 | Build | House |
| 13:38 | Build | House |
| 14:50 | Age | Feudal Age |
| 14:51 | Build | Farm |
| 15:22 | Build | Blacksmith |
| 15:44 | Build | Market |
| 16:01 | Research | Wheelbarrow |
| 16:35 | Build | Building 665 |
| 17:04 | Build | Farm |
| 17:05 | Build | Farm |
| 17:06 | Build | Farm |
| 17:10 | Build | Farm |
| 17:11 | Build | Farm |
| 17:12 | Build | Farm |
| 17:14 | Build | Farm |
| 17:15 | Build | Farm |
| 17:18 | Build | Farm |
| 17:19 | Build | Farm |
| 17:26 | Research | Castle Age |
| 17:30 | Research | Double-Bit Axe |
| 17:50 | Build | House |
| 18:12 | Build | Outpost |
| 18:57 | Build | Stable |
| 19:03 | Build | Stable |
| 19:05 | Build | Stable |
| 19:59 | Create | Villager (Male) |
| 20:00 | Create | Villager (Male) |
| 20:00 | Create | Villager (Male) |
| 20:04 | Create | Villager (Male) |
| 20:06 | Age | Castle Age |
| 20:13 | Build | Town Center |
| 20:29 | Research | Bow Saw |
| 20:40 | Create | Camel Scout |
| 20:40 | Create | Camel Scout |
| 20:41 | Create | Camel Scout |
| 21:22 | Create | Camel Scout |
| 21:22 | Create | Camel Scout |
| 21:24 | Research | Husbandry |
| 21:28 | Build | Farm |
| 21:32 | Create | Villager (Male) |
| 21:32 | Create | Villager (Male) |
| 21:32 | Create | Villager (Male) |
| 21:34 | Create | Villager (Male) |
| 21:34 | Create | Villager (Male) |
| 21:49 | Create | Camel Scout |
| 21:49 | Create | Camel Scout |
| 21:50 | Create | Camel Scout |
| 21:56 | Research | Gold Mining |
| 22:07 | Create | Villager (Male) |
| 22:45 | Create | Villager (Male) |
| 22:45 | Create | Villager (Male) |
| 23:00 | Build | Siege Workshop |
| 23:26 | Build | House |
| 23:50 | Create | Camel Scout |
| 23:51 | Create | Camel Scout |
| 23:51 | Create | Camel Scout |
| 23:51 | Create | Camel Scout |
| 24:02 | Build | House |
| 24:06 | Research | Hand Cart |
| 24:14 | Build | Farm |
| 24:39 | Research | Scale Barding Armor |
| 24:49 | Build | Farm |
| 24:51 | Create | Villager (Male) |
| 24:53 | Create | Villager (Male) |
| 26:01 | Create | Camel Scout |
| 26:01 | Create | Camel Scout |
| 26:01 | Create | Camel Scout |
| 26:01 | Create | Camel Scout |
| 26:02 | Create | Camel Scout |
| 26:02 | Create | Camel Scout |
| 26:02 | Create | Camel Scout |
| 26:13 | Build | House |
| 26:16 | Build | House |
| 31:18 | Build | Mining Camp |
| 31:25 | Create | Villager (Male) |
| 31:25 | Create | Villager (Male) |
| 31:28 | Create | Villager (Male) |
| 31:28 | Create | Villager (Male) |
| 31:34 | Build | University |
| 31:52 | Create | Camel Scout |
| 31:52 | Create | Camel Scout |
| 31:52 | Create | Camel Scout |
| 31:53 | Create | Camel Scout |
| 31:53 | Create | Camel Scout |
| 31:53 | Create | Camel Scout |
| 31:54 | Create | Camel Scout |
| 31:54 | Create | Camel Scout |
| 31:54 | Create | Camel Scout |
| 31:55 | Create | Camel Scout |
| 32:07 | Build | Lumber Camp |
| 32:16 | Create | Villager (Male) |
| 32:17 | Create | Villager (Male) |
| 32:28 | Create | Villager (Male) |
| 32:28 | Create | Villager (Male) |
| 32:29 | Create | Villager (Male) |
| 32:29 | Create | Villager (Male) |
| 32:29 | Create | Villager (Male) |
| 32:37 | Research | Fortified Wall (upgrade) |
| 33:11 | Build | Siege Workshop |
| 33:19 | Create | Battering Ram |
| 33:20 | Create | Battering Ram |
| 33:27 | Create | Villager (Male) |
| 33:27 | Research | Imperial Age |
| 33:30 | Create | Villager (Male) |
| 33:31 | Create | Villager (Male) |
| 33:50 | Build | House |
Build order — Froggo
First 150 of 463 actions detected
| 0:02 | Create | Villager (Male) |
| 0:02 | Create | Villager (Male) |
| 0:06 | Build | House |
| 0:18 | Build | House |
| 0:25 | Create | Villager (Male) |
| 0:25 | Create | Villager (Male) |
| 0:26 | Create | Villager (Male) |
| 0:34 | Build | Lumber Camp |
| 1:30 | Research | Loom |
| 1:44 | Create | Villager (Male) |
| 1:44 | Create | Villager (Male) |
| 2:53 | Build | Mill |
| 2:56 | Create | Villager (Male) |
| 2:56 | Create | Villager (Male) |
| 2:57 | Create | Villager (Male) |
| 2:57 | Create | Villager (Male) |
| 3:52 | Create | Villager (Male) |
| 3:52 | Create | Villager (Male) |
| 4:12 | Create | Villager (Male) |
| 4:12 | Create | Villager (Male) |
| 4:27 | Build | House |
| 4:52 | Create | Villager (Male) |
| 4:52 | Create | Villager (Male) |
| 5:41 | Create | Villager (Male) |
| 5:41 | Create | Villager (Male) |
| 5:47 | Build | House |
| 6:18 | Create | Villager (Male) |
| 6:19 | Create | Villager (Male) |
| 6:19 | Create | Villager (Male) |
| 6:48 | Build | Palisade Wall |
| 6:53 | Build | Palisade Wall |
| 6:56 | Build | Palisade Wall |
| 7:03 | Build | Palisade Wall |
| 7:08 | Build | Palisade Wall |
| 7:31 | Create | Villager (Male) |
| 7:31 | Create | Villager (Male) |
| 7:31 | Create | Villager (Male) |
| 7:31 | Create | Villager (Male) |
| 8:02 | Create | Villager (Male) |
| 8:28 | Build | House |
| 9:07 | Build | Mining Camp |
| 9:13 | Research | Feudal Age |
| 9:15 | Create | Villager (Male) |
| 9:15 | Create | Villager (Male) |
| 9:15 | Create | Villager (Male) |
| 9:47 | Build | Farm |
| 9:47 | Build | Farm |
| 9:47 | Build | Farm |
| 9:47 | Build | Farm |
| 9:47 | Build | Farm |
| 9:48 | Build | Farm |
| 9:48 | Build | Farm |
| 10:45 | Build | Farm |
| 10:46 | Build | Farm |
| 10:46 | Build | Farm |
| 10:46 | Build | Farm |
| 10:46 | Build | Farm |
| 11:00 | Create | Villager (Male) |
| 11:01 | Create | Villager (Male) |
| 11:01 | Create | Villager (Male) |
| 11:23 | Age | Feudal Age |
| 11:27 | Create | Villager (Male) |
| 11:27 | Create | Villager (Male) |
| 11:27 | Create | Villager (Male) |
| 11:31 | Research | Double-Bit Axe |
| 12:46 | Build | Farm |
| 12:46 | Build | Farm |
| 12:46 | Build | Farm |
| 12:46 | Build | Farm |
| 12:47 | Build | Farm |
| 12:52 | Create | Villager (Male) |
| 12:52 | Create | Villager (Male) |
| 12:52 | Create | Villager (Male) |
| 13:18 | Build | House |
| 13:22 | Create | Villager (Male) |
| 13:22 | Create | Villager (Male) |
| 14:06 | Build | Palisade Gate |
| 14:37 | Build | Town Center |
| 14:49 | Create | Villager (Male) |
| 15:04 | Research | Horse Collar |
| 15:12 | Research | Gold Mining |
| 15:24 | Create | Villager (Male) |
| 15:24 | Create | Villager (Male) |
| 15:24 | Create | Villager (Male) |
| 15:51 | Create | Villager (Male) |
| 16:12 | Build | House |
| 16:33 | Build | Mining Camp |
| 16:37 | Create | Villager (Male) |
| 16:37 | Create | Villager (Male) |
| 16:55 | Build | Blacksmith |
| 17:08 | Create | Villager (Male) |
| 17:08 | Create | Villager (Male) |
| 17:08 | Create | Villager (Male) |
| 17:09 | Create | Villager (Male) |
| 17:18 | Create | Villager (Male) |
| 17:18 | Create | Villager (Male) |
| 17:42 | Create | Villager (Male) |
| 17:43 | Create | Villager (Male) |
| 18:03 | Build | Farm |
| 18:04 | Build | Farm |
| 18:04 | Build | Farm |
| 18:04 | Build | Farm |
| 18:04 | Build | Farm |
| 18:05 | Build | Farm |
| 18:27 | Build | House |
| 18:28 | Build | House |
| 19:12 | Build | Market |
| 19:19 | Create | Villager (Male) |
| 19:19 | Create | Villager (Male) |
| 19:55 | Build | Barracks |
| 20:02 | Create | Villager (Male) |
| 20:02 | Create | Villager (Male) |
| 20:24 | Create | Villager (Male) |
| 20:44 | Build | Farm |
| 20:44 | Build | Farm |
| 20:45 | Build | Farm |
| 20:45 | Build | Farm |
| 20:45 | Build | Farm |
| 20:45 | Build | Farm |
| 20:46 | Build | Farm |
| 21:11 | Build | Lumber Camp |
| 21:23 | Build | Farm |
| 21:23 | Build | Farm |
| 21:24 | Build | Farm |
| 21:24 | Build | Farm |
| 21:24 | Build | Farm |
| 21:30 | Build | House |
| 21:54 | Research | Castle Age |
| 21:56 | Create | Villager (Male) |
| 21:56 | Create | Villager (Male) |
| 22:05 | Create | Trade Cart |
| 22:05 | Create | Trade Cart |
| 22:05 | Create | Trade Cart |
| 22:47 | Create | Villager (Male) |
| 22:47 | Create | Villager (Male) |
| 22:52 | Build | Farm |
| 23:28 | Create | Militia |
| 23:29 | Create | Militia |
| 23:29 | Create | Militia |
| 23:29 | Create | Militia |
| 23:45 | Build | Archery Range |
| 24:01 | Build | Farm |
| 24:08 | Build | House |
| 24:10 | Build | House |
| 24:12 | Build | House |
| 24:19 | Research | Wheelbarrow |
| 24:34 | Age | Castle Age |
| 24:40 | Build | Castle |
| 24:43 | Create | Spearman |
| 24:44 | Create | Spearman |
Match timeline
| 4:00 | RUSSIAN_MUAYTHAI_TEAM · wall_segment Palisade Wall x16 |
| 6:48 | Froggo · wall_segment Palisade Wall x13 |
| 6:53 | Froggo · wall_segment Palisade Wall x9 |
| 6:56 | Froggo · wall_segment Palisade Wall x13 |
| 7:03 | Froggo · wall_segment Palisade Wall x19 |
| 7:08 | Froggo · wall_segment Palisade Wall x12 |
| 8:30 | Jbird · first_building Barracks |
| 9:31 | Twixxo · first_building Barracks |
| 11:22 | Y0b · age_up feudal |
| 11:23 | Froggo · age_up feudal |
| 11:45 | Raphael · first_building Barracks |
| 11:50 | Jbird · age_up feudal |
| 12:12 | Y0b · first_building Barracks |
| 12:37 | Jbird · first_building Archery Range |
| 12:48 | RUSSIAN_MUAYTHAI_TEAM · first_building Barracks |
| 13:01 | Raphael · age_up feudal |
| 13:43 | Twixxo · age_up feudal |
| 14:10 | Twixxo · wall_segment Stone Wall x9 |
| 14:22 | Raphael · first_building Stable |
| 14:31 | Y0b · first_building Stable |
| 14:50 | RUSSIAN_MUAYTHAI_TEAM · age_up feudal |
| 15:23 | Jbird · wall_segment Palisade Wall x3 |
| 15:33 | Twixxo · wall_segment Stone Wall x4 |
| 16:02 | Twixxo · wall_segment Stone Wall x4 |
| 17:22 | Twixxo · wall_segment Palisade Wall x3 |
| 17:26 | Raphael · wall_segment Stone Wall x3 |
| 18:38 | Y0b · age_up castle |
| 18:44 | Twixxo · first_building Archery Range |
| 18:57 | RUSSIAN_MUAYTHAI_TEAM · first_building Stable |
| 19:22 | Twixxo · first_building Stable |
| 19:52 | Jbird · wall_segment Palisade Wall x4 |
| 19:55 | Froggo · first_building Barracks |
| 19:57 | Jbird · wall_segment Palisade Wall x3 |
| 20:01 | Jbird · wall_segment Palisade Wall x11 |
| 20:06 | RUSSIAN_MUAYTHAI_TEAM · age_up castle |
| 21:38 | Raphael · first_market_buy 100 food |
| 21:38 | Y0b · first_building Monastery |
| 21:52 | Froggo · first_market_buy 100 food |
| 22:50 | Raphael · age_up castle |
| 23:00 | RUSSIAN_MUAYTHAI_TEAM · first_building Siege Workshop |
| 23:45 | Froggo · first_building Archery Range |
| 24:33 | Jbird · age_up castle |
| 24:34 | Froggo · age_up castle |
| 24:40 | Froggo · first_building Castle |
| 25:09 | Raphael · first_building Castle |
| 25:32 | Jbird · wall_segment Palisade Wall x9 |
| 25:35 | Jbird · wall_segment Palisade Wall x7 |
| 26:40 | Twixxo · wall_segment Stone Wall x1 |
| 26:41 | Twixxo · wall_segment Stone Wall x1 |
| 26:45 | Twixxo · wall_segment Stone Wall x11 |
| 26:55 | Twixxo · wall_segment Stone Wall x3 |
| 26:57 | Twixxo · wall_segment Stone Wall x1 |
| 27:00 | Twixxo · wall_segment Stone Wall x1 |
| 28:05 | Twixxo · wall_segment Stone Wall x2 |
| 28:41 | Froggo · wall_segment Palisade Wall x3 |
| 28:44 | Froggo · wall_segment Palisade Wall x7 |
| 28:47 | Twixxo · age_up castle |
| 28:59 | Twixxo · first_building Castle |
| 29:37 | Twixxo · first_building Monastery |
| 29:47 | Raphael · first_building Monastery |
| 32:18 | Y0b · first_building Siege Workshop |
| 32:19 | Twixxo · wall_segment Stone Wall x6 |
| 32:20 | Jbird · first_building Siege Workshop |
| 32:28 | Twixxo · wall_segment Stone Wall x2 |
| 32:32 | Twixxo · wall_segment Stone Wall x10 |
| 32:38 | Froggo · first_building Siege Workshop |
| 32:52 | Froggo · first_building Stable |
| 33:02 | Twixxo · first_market_sell 100 wood |
| 33:03 | Twixxo · first_market_buy 100 food |
| 34:16 | Twixxo · wall_segment Stone Wall x15 |
| 35:05 | Twixxo · first_building Siege Workshop |
| 35:11 | Jbird · first_building Castle |
| 37:17 | Raphael · age_up imperial |
| 37:19 | Y0b · first_building Castle |
| 37:34 | Twixxo · wall_segment Stone Wall x4 |
| 38:20 | Twixxo · wall_segment Stone Wall x5 |
| 38:46 | RUSSIAN_MUAYTHAI_TEAM · age_up imperial |
| 38:50 | Twixxo · resign |
| 39:46 | Raphael · first_market_sell 100 wood |
| 41:23 | Y0b · age_up imperial |
| 43:18 | Jbird · first_market_sell 100 food |
| 43:23 | Froggo · first_market_sell 100 food |
| 45:18 | Y0b · first_market_sell 100 stone |
| 46:41 | Froggo · age_up imperial |
[ AI ANALYSIS · 1 CREDIT ]
What really happened in this match?
Wolo.gg analyzes every decision: build order, eco, micro, common mistakes by bracket. Personalized analysis on WhatsApp or Discord in 30 seconds.
Civ guide
Teutons
Map guide
Glade
Perfil
Twixxo